[ AOE2 MATCH · #507167582 ]
UnrankedPoles vs Britons
Player's team · WIN
Rival team · LOSS
[ REPLAY ANALYSIS · EXTRACTED FROM THE RECORDED GAME ]
Feudal
12:12
Castle
18:56
Imperial
—
| APM avg | 53.0 |
| APM peak | 116 |
| eAPM avg | 21.4 |
| Villagers / military | 96 / 169 |
Focus
⚔️ 20.0% · 🌾 80.0%
Knight ×159 · Petard ×6 · Battering Ram ×3 · Obuch ×1
Feudal
9:16
Castle
19:28
Imperial
—
| APM avg | 39.7 |
| APM peak | 77 |
| eAPM avg | 23.4 |
| Villagers / military | 59 / 105 |
Focus
⚔️ 25.9% · 🌾 74.1%
Spearman ×72 · Longbowman ×19 · Monk ×8 · Battering Ram ×5 · Mangonel ×1
Match map
Initial resources + every placement click. Lines = walls · curves = elevation contours. ◆ gold · ⬟ stone · ● berries · ✦ relic · ◌ wall gap
Your base· ✓ Closed at 18:56 · 3t walls · 3 gate(s)
HK | Foko_89's base· ✓ Closed at 19:28 · 5t walls · 2 gate(s)
Smoothed initial terrain · ◌ = detected wall gap · hover for details
Inputs per minute
— srahf - - HK | Foko_89
Build order — srahf
First 150 of 284 actions detected
| 0:00 | Queue | Villager (Male) |
| 0:01 | Queue | Villager (Male) |
| 0:01 | Queue | Villager (Male) |
| 0:01 | Queue | Villager (Male) |
| 0:02 | Build | House |
| 1:24 | Queue | Villager (Male) |
| 1:24 | Queue | Villager (Male) |
| 1:57 | Build | House |
| 1:58 | Build | House |
| 2:00 | Build | House |
| 2:02 | Queue | Villager (Male) |
| 2:02 | Queue | Villager (Male) |
| 2:10 | Queue | Villager (Male) |
| 2:10 | Queue | Villager (Male) |
| 2:19 | Build | Lumber Camp |
| 2:37 | Build | House |
| 2:47 | Queue | Villager (Male) |
| 2:47 | Queue | Villager (Male) |
| 2:56 | Queue | Villager (Male) |
| 2:56 | Queue | Villager (Male) |
| 3:36 | Queue | Villager (Male) |
| 4:09 | Queue | Villager (Male) |
| 4:10 | Queue | Villager (Male) |
| 4:28 | Queue | Villager (Male) |
| 4:59 | Queue | Villager (Male) |
| 4:59 | Queue | Villager (Male) |
| 4:59 | Queue | Villager (Male) |
| 5:06 | Build | Mill |
| 5:32 | Queue | Villager (Male) |
| 5:32 | Queue | Villager (Male) |
| 5:32 | Queue | Villager (Male) |
| 5:32 | Queue | Villager (Male) |
| 5:54 | Build | Farm |
| 6:03 | Build | Farm |
| 6:07 | Build | Farm |
| 6:16 | Queue | Villager (Male) |
| 6:16 | Queue | Villager (Male) |
| 6:16 | Queue | Villager (Male) |
| 6:17 | Queue | Villager (Male) |
| 6:54 | Build | Farm |
| 7:08 | Queue | Villager (Male) |
| 7:08 | Queue | Villager (Male) |
| 7:38 | Build | Mining Camp |
| 9:09 | Queue | Villager (Male) |
| 9:10 | Research | Feudal Age |
| 9:22 | Research | Loom |
| 9:26 | Research | Feudal Age |
| 10:57 | Build | House |
| 11:04 | Queue | Villager (Male) |
| 11:04 | Queue | Villager (Male) |
| 12:12 | Age | Feudal Age |
| 12:15 | Build | Palisade Gate |
| 13:18 | Queue | Villager (Male) |
| 13:18 | Queue | Villager (Male) |
| 13:19 | Queue | Villager (Male) |
| 13:19 | Queue | Villager (Male) |
| 13:33 | Build | Gate |
| 13:46 | Queue | Villager (Male) |
| 13:47 | Queue | Villager (Male) |
| 13:47 | Queue | Villager (Male) |
| 14:24 | Build | Stone Wall |
| 14:31 | Research | Horse Collar |
| 14:32 | Research | Double-Bit Axe |
| 14:35 | Build | Farm |
| 14:36 | Build | Farm |
| 14:38 | Build | Farm |
| 14:41 | Build | Farm |
| 14:50 | Build | Market |
| 15:43 | Build | Blacksmith |
| 16:05 | Build | Lumber Camp |
| 16:16 | Research | Castle Age |
| 16:26 | Build | House |
| 16:27 | Build | House |
| 16:28 | Build | House |
| 16:30 | Build | House |
| 16:31 | Build | House |
| 16:32 | Build | House |
| 17:41 | Research | Stone Mining |
| 18:00 | Queue | Villager (Male) |
| 18:00 | Queue | Villager (Male) |
| 18:56 | Age | Castle Age |
| 18:58 | Build | Town Center |
| 19:01 | Build | Town Center |
| 19:05 | Build | Castle |
| 19:12 | Research | Heavy Plow |
| 19:14 | Queue | Villager (Male) |
| 19:14 | Queue | Villager (Male) |
| 19:14 | Queue | Villager (Male) |
| 19:19 | Build | Farm |
| 19:21 | Build | Farm |
| 19:22 | Build | Farm |
| 19:28 | Build | Farm |
| 19:29 | Build | Farm |
| 19:56 | Build | Mill |
| 19:57 | Build | Farm |
| 19:58 | Build | Farm |
| 19:58 | Build | Farm |
| 19:58 | Build | Farm |
| 19:58 | Build | Farm |
| 20:18 | Queue | Villager (Male) |
| 20:18 | Queue | Villager (Male) |
| 20:18 | Queue | Villager (Male) |
| 20:30 | Queue | Villager (Male) |
| 20:30 | Queue | Villager (Male) |
| 20:30 | Queue | Villager (Male) |
| 20:47 | Build | Farm |
| 20:49 | Build | Farm |
| 20:51 | Build | Farm |
| 21:10 | Queue | Villager (Male) |
| 21:11 | Queue | Villager (Male) |
| 21:20 | Build | Mill |
| 21:21 | Build | Farm |
| 21:21 | Build | Farm |
| 21:22 | Build | Farm |
| 21:22 | Build | Farm |
| 21:23 | Queue | Villager (Male) |
| 21:23 | Queue | Villager (Male) |
| 21:31 | Queue | Obuch |
| 21:39 | Queue | Villager (Male) |
| 21:39 | Queue | Villager (Male) |
| 21:39 | Queue | Villager (Male) |
| 21:39 | Queue | Villager (Male) |
| 21:39 | Queue | Villager (Male) |
| 21:46 | Queue | Villager (Male) |
| 21:46 | Queue | Villager (Male) |
| 21:51 | Build | Farm |
| 21:53 | Build | Farm |
| 21:58 | Build | Farm |
| 22:01 | Queue | Villager (Male) |
| 22:01 | Queue | Villager (Male) |
| 22:01 | Queue | Villager (Male) |
| 22:33 | Build | Barracks |
| 22:37 | Research | Scale Barding Armor |
| 22:37 | Research | Forging |
| 22:42 | Queue | Villager (Male) |
| 22:42 | Queue | Villager (Male) |
| 22:42 | Queue | Villager (Male) |
| 22:42 | Queue | Villager (Male) |
| 22:55 | Build | Farm |
| 22:57 | Build | Farm |
| 22:57 | Build | Farm |
| 23:33 | Build | Town Center |
| 23:38 | Build | House |
| 23:40 | Build | House |
| 23:42 | Queue | Villager (Male) |
| 23:42 | Queue | Villager (Male) |
| 23:42 | Queue | Villager (Male) |
| 23:42 | Queue | Villager (Male) |
| 23:43 | Queue | Villager (Male) |
| 23:43 | Queue | Villager (Male) |
Build order — HK | Foko_89
First 150 of 265 actions detected
| 0:00 | Queue | Villager (Male) |
| 0:01 | Queue | Villager (Male) |
| 0:01 | Queue | Villager (Male) |
| 0:02 | Build | House |
| 0:04 | Build | House |
| 0:17 | Queue | Villager (Male) |
| 0:17 | Queue | Villager (Male) |
| 1:23 | Queue | Villager (Male) |
| 1:45 | Build | Lumber Camp |
| 1:46 | Queue | Villager (Male) |
| 2:08 | Queue | Villager (Male) |
| 2:27 | Queue | Villager (Male) |
| 2:47 | Queue | Villager (Male) |
| 2:48 | Queue | Villager (Male) |
| 3:33 | Queue | Villager (Male) |
| 3:36 | Build | House |
| 3:37 | Build | House |
| 3:57 | Queue | Villager (Male) |
| 4:05 | Queue | Villager (Male) |
| 4:28 | Build | Mill |
| 4:38 | Queue | Villager (Male) |
| 4:59 | Queue | Villager (Male) |
| 4:59 | Queue | Villager (Male) |
| 5:15 | Queue | Villager (Male) |
| 5:47 | Queue | Villager (Male) |
| 6:24 | Queue | Villager (Male) |
| 6:25 | Queue | Villager (Male) |
| 6:32 | Research | Loom |
| 7:03 | Research | Feudal Age |
| 7:27 | Build | Mining Camp |
| 9:16 | Age | Feudal Age |
| 9:20 | Build | Watch Tower |
| 9:28 | Research | Town Watch |
| 9:29 | Research | Double-Bit Axe |
| 9:29 | Research | Double-Bit Axe |
| 9:34 | Queue | Villager (Male) |
| 9:55 | Queue | Villager (Male) |
| 10:15 | Queue | Villager (Male) |
| 10:18 | Build | Blacksmith |
| 10:19 | Build | House |
| 10:20 | Build | House |
| 10:31 | Queue | Villager (Male) |
| 11:12 | Queue | Villager (Male) |
| 11:56 | Build | House |
| 12:05 | Build | Watch Tower |
| 12:14 | Build | House |
| 12:16 | Build | House |
| 12:19 | Build | Palisade Wall |
| 12:22 | Build | Palisade Wall |
| 12:23 | Build | Palisade Wall |
| 12:46 | Build | Watch Tower |
| 12:48 | Build | Palisade Wall |
| 13:06 | Queue | Villager (Male) |
| 13:06 | Queue | Villager (Male) |
| 13:46 | Queue | Villager (Male) |
| 13:48 | Queue | Villager (Male) |
| 13:51 | Build | Farm |
| 13:52 | Build | Farm |
| 13:57 | Build | Market |
| 14:06 | Build | Stone Wall |
| 14:19 | Queue | Villager (Male) |
| 14:32 | Build | Mining Camp |
| 14:36 | Build | Farm |
| 14:52 | Build | Farm |
| 14:53 | Build | Farm |
| 14:55 | Build | Farm |
| 14:59 | Build | Farm |
| 15:00 | Queue | Villager (Male) |
| 15:12 | Build | Farm |
| 15:13 | Build | Farm |
| 15:21 | Build | Farm |
| 15:25 | Queue | Villager (Male) |
| 15:37 | Build | Farm |
| 15:40 | Queue | Villager (Male) |
| 16:48 | Research | Castle Age |
| 17:21 | Research | Fletching |
| 17:21 | Research | Fletching |
| 17:30 | Research | Horse Collar |
| 17:31 | Research | Horse Collar |
| 17:35 | Build | Lumber Camp |
| 18:13 | Build | Farm |
| 18:20 | Research | Padded Archer Armor |
| 19:28 | Age | Castle Age |
| 19:29 | Research | Bow Saw |
| 19:29 | Research | Bow Saw |
| 19:33 | Build | Monastery |
| 19:52 | Research | Heavy Plow |
| 19:52 | Research | Heavy Plow |
| 19:55 | Queue | Villager (Male) |
| 19:58 | Queue | Villager (Male) |
| 20:08 | Queue | Monk |
| 20:26 | Build | Outpost |
| 20:33 | Build | Outpost |
| 20:44 | Queue | Monk |
| 20:47 | Queue | Villager (Male) |
| 21:14 | Queue | Villager (Male) |
| 21:15 | Queue | Villager (Male) |
| 21:18 | Build | House |
| 21:20 | Build | House |
| 21:26 | Build | House |
| 21:30 | Build | Outpost |
| 21:37 | Build | House |
| 21:39 | Build | House |
| 21:39 | Build | House |
| 21:39 | Build | House |
| 21:40 | Build | House |
| 21:40 | Build | House |
| 21:42 | Build | House |
| 22:03 | Queue | Villager (Male) |
| 22:04 | Queue | Villager (Male) |
| 22:06 | Research | Bodkin Arrow |
| 22:06 | Research | Bodkin Arrow |
| 22:11 | Build | Outpost |
| 22:42 | Build | Siege Workshop |
| 22:45 | Queue | Villager (Male) |
| 23:08 | Build | Castle |
| 23:13 | Queue | Villager (Male) |
| 23:26 | Build | Castle |
| 23:34 | Build | Palisade Wall |
| 23:37 | Build | Palisade Gate |
| 23:42 | Queue | Villager (Male) |
| 23:46 | Queue | Villager (Male) |
| 23:46 | Queue | Villager (Male) |
| 23:47 | Queue | Villager (Male) |
| 23:47 | Queue | Villager (Male) |
| 24:08 | Queue | Villager (Male) |
| 24:14 | Queue | Villager (Male) |
| 24:21 | Build | Mining Camp |
| 24:45 | Queue | Longbowman |
| 24:45 | Queue | Longbowman |
| 24:45 | Queue | Longbowman |
| 24:47 | Queue | Longbowman |
| 24:47 | Queue | Longbowman |
| 24:48 | Queue | Longbowman |
| 24:48 | Queue | Longbowman |
| 25:00 | Build | Mining Camp |
| 25:04 | Research | Gold Mining |
| 25:04 | Research | Gold Mining |
| 25:09 | Build | Lumber Camp |
| 25:27 | Queue | Villager (Male) |
| 25:50 | Queue | Monk |
| 25:54 | Queue | Villager (Male) |
| 25:56 | Queue | Villager (Male) |
| 25:56 | Queue | Longbowman |
| 25:58 | Queue | Longbowman |
| 25:59 | Queue | Longbowman |
| 26:17 | Queue | Battering Ram |
| 26:17 | Queue | Battering Ram |
| 26:20 | Research | Leather Archer Armor |
| 26:20 | Research | Leather Archer Armor |
Match timeline
| 9:16 | HK | Foko_89 · age_up feudal |
| 12:12 | srahf · age_up feudal |
| 12:19 | HK | Foko_89 · wall_segment Palisade Wall x1 |
| 12:22 | HK | Foko_89 · wall_segment Palisade Wall x1 |
| 12:23 | HK | Foko_89 · wall_segment Palisade Wall x1 |
| 12:48 | HK | Foko_89 · wall_segment Palisade Wall x1 |
| 14:06 | HK | Foko_89 · wall_segment Stone Wall x1 |
| 14:24 | srahf · wall_segment Stone Wall x3 |
| 15:29 | HK | Foko_89 · first_market_sell 500 stone |
| 15:31 | HK | Foko_89 · first_market_buy 500 food |
| 18:56 | srahf · age_up castle |
| 19:05 | srahf · first_building Castle |
| 19:28 | HK | Foko_89 · age_up castle |
| 19:33 | HK | Foko_89 · first_building Monastery |
| 22:33 | srahf · first_building Barracks |
| 22:42 | HK | Foko_89 · first_building Siege Workshop |
| 23:08 | HK | Foko_89 · first_building Castle |
| 23:34 | HK | Foko_89 · wall_segment Palisade Wall x1 |
| 24:48 | srahf · first_building Stable |
| 25:42 | srahf · first_building Siege Workshop |
| 26:45 | srahf · first_market_sell 100 stone |
| 27:46 | srahf · first_market_buy 100 wood |
| 30:44 | HK | Foko_89 · first_building Barracks |
| 35:20 | HK | Foko_89 · wall_segment Stone Wall x1 |
| 37:30 | HK | Foko_89 · resign |
[ AI ANALYSIS · 1 CREDIT ]
What really happened in this match?
Wolo.gg analyzes every decision: build order, eco, micro, common mistakes by bracket. Personalized analysis on WhatsApp or Discord in 30 seconds.
Civ guide
Poles
Perfil
Jugador #9101855